 Dungeon Crawl Stone Soup version 0.31-a0-210-gccc998df9b (webtiles) character file.

Game seed: 16091724450207959880

21653 qw the Cleaver (level 12, -5/69 HPs)
             Began as a Gargoyle Fighter on June 29, 2023.
             Was an Elder of Okawaru.
             Slain by a bone dragon (13 damage)
             ... on level 1 of the Abyss.
             The game lasted 00:08:43 (12562 turns).

qw the Cleaver (Gargoyle Fighter)                  Turns: 12562, Time: 00:08:44

Health: -5/69      AC: 33    Str: 22    XL:     12   Next: 92%
Magic:  17/18      EV: 14    Int:  8    God:    Okawaru [****..]
Gold:   358        SH:  7    Dex:  9    Spells: 11/11 levels left

rFire   + . .        Y - +9 war axe (venom)
rCold   . . .        r - +1 buckler {rPois}
rNeg    + . .        b - +0 plate armour
rPois   inf          a - +1 helmet
rElec   +            u - scarf {repulsion}
rCorr   .            q - +2 pair of gloves
SInv    .            g - +0 pair of boots "Qazem" {rF+}
Will    .....        (no amulet) Stlth
                     m - +5 ring of evasion
HPRegen 0.31/turn    v - ring of protection from fire
MPRegen 0.16/turn

%: repel missiles
@: about to teleport, heroic, unable to drink
A: sickness immunity, AC +8, negative energy resistance 1, electricity
resistance, torment resistance 1, petrification resistance, frail 1, weak 1,
inability to drink after injury 1, [dopey 1], [heat vulnerability 1]
a: Renounce Religion, Heroism, Finesse


You were on level 1 of the Abyss.
You worshipped Okawaru.
Okawaru was greatly pleased with you.
You visited 3 branches of the dungeon, and saw 14 of its levels.
You visited the Abyss 1 time.

You collected 821 gold pieces.
You spent 463 gold pieces at shops.


Innate Abilities, Weirdness & Mutations

You are immune to sickness and miasma.
Your stone body is resilient. (AC +8)
You are immune to poison.
You resist negative energy. (rN+)
You are resistant to electric shocks. (rElec)
You are resistant to unholy torment.
You are immune to petrification.
You are frail. (-10% HP)
You are weak. (Str -2)
You occasionally lose the ability to drink potions when taking damage.
[You are dopey. (Int -2)]
[You are vulnerable to heat. (rF-)]


   Skills:
 - Level 10.0(15.0) Fighting
 + Level 13.5(18.5) Axes
 - Level 2.9(7.9) Throwing
 - Level 10.0(15.0) Armour
 - Level 2.6(7.6) Dodging
 - Level 6.1(11.1) Shields
 + Level 9.2 Invocations


You had 11 spell levels left.
You didn't know any spells.
Your spell library was empty.

Inventory:

Hand Weapons
 y - a +2 morningstar
 Y - a +9 war axe of venom (weapon)
Missiles
 p - 6 boomerangs (quivered)
Armour
 a - a +1 helmet (worn)
 b - a +0 plate armour (worn)
 g - the +0 pair of boots "Qazem" (worn) {rF+}
   (You acquired it on level 2 of the Dungeon)

   rF:        It protects you from fire.
 h - a +0 cloak
 q - a +2 pair of gloves (worn)
 r - a +1 buckler of poison resistance (worn)
 u - a scarf of repulsion (worn)
Jewellery
 m - a +5 ring of evasion (left hand)
 v - a ring of protection from fire (right hand)
Scrolls
 i - 7 scrolls of identify
 k - 3 scrolls of teleportation
 o - a scroll of enchant weapon
 x - a scroll of vulnerability {unknown}
Potions
 c - 3 potions of heal wounds
 d - 3 potions of might
 e - a potion of cancellation
 f - 4 potions of haste
 j - 7 potions of curing
 l - a potion of magic
 n - 5 potions of enlightenment
 s - 2 potions of lignification
 t - 2 potions of attraction

Dungeon Overview and Level Annotations

Branches:
Dungeon (11/15)            Temple (1/1) D:5            Lair (2/5) D:11
 Shoals (0/4) Lair:2          Orc (0/2) D:10
  Snake: Lair:2-3    Spider: Lair:2-3

Altars:
Ashenzari
Cheibriados
Dithmenos
Elyvilon
Fedhas
Gozag
Hepliaklqana
Kikubaaqudgha
Makhleb
Nemelex Xobeh
Okawaru
Qazlal
Ru
Sif Muna
Trog
Uskayaw
Vehumet
Wu Jian
Xom
Yredelemnul
Zin
The Shining One

Shops:
D:4 [   D:8 *   D:9 *

Annotations:
D:3 2 transporters
D:5 3 runed translucent doors, qw's ghost, novice DEHu
D:10 4 runed translucent doors
Lair:2 Sonja


Message History

The bone dragon misses you.
You hit the bone dragon but do no damage.
The bone dragon is moderately damaged.
The bone dragon bites you but does no damage.
The bone dragon claws you but does no damage.
The bone dragon misses you.
You slice the bone dragon!!
The bone dragon is heavily damaged.
The bone dragon bites you but does no damage.
The bone dragon barely misses you.
The bone dragon tramples you but does no damage.
You hit the bone dragon but do no damage.
The bone dragon is moderately damaged.
A ynoxinul comes into view.
You barely miss the bone dragon.
The bone dragon is moderately damaged.
The ynoxinul bellows!
You block the bone dragon's attack. x2
The bone dragon tramples you but does no damage.
The white imp shouts, "Out, out, thou fulsome fly-bitten puttock!"
The white imp gestures at you.
The puff of frost is repelled.
The puff of frost hits the bone dragon.
The bone dragon resists.
You hit the bone dragon but do no damage.
The bone dragon is moderately damaged.
The bone dragon bites you but does no damage.
The bone dragon claws you!
The bone dragon tramples you but does no damage.
You slice the bone dragon!!
The bone dragon is heavily damaged.
The bone dragon bites you!
The bone dragon claws you but does no damage.
The bone dragon tramples you but does no damage.
12562 ||| READING 4 scrolls of teleportation.
As you read the scroll of teleportation, it crumbles to dust.
You feel strangely unstable.
You feel the power of the Abyss delaying your translocation!
The bone dragon bites you but does no damage.
The bone dragon claws you!
You die...

### .~~##.
.#% # .#.#
. #.. #. #
## ....# .#
. . ..#.
.##.#......
.. # .
...#. 3#. .
. . .
..#..# # #
#G#. ### ##
..
#D###..#. .
. #@.# #.
#. .. .
#...# . .
#. .
..##... .#
##. .#...#
# .. . 5
#......#.
.. ..
....## #. .
.. .. .#.##
.## . ...
## # # # .


You could see a bone dragon, a glowing orange brain, a ynoxinul and a white imp.

Vanquished Creatures
  Harold (D:11)
  A two-headed ogre (D:10)
  3 death yaks (Lair:1)
  2 boulder beetles
  A wretched star (Abyss:1)
  An orb spider (Abyss:1)
  Pikel (D:5)
  2 harpies (Lair:2)
  3 oklob plants (D:11)
  2 cyclopes (D:10)
  Maurice (D:10)
  A black mamba (Lair:1)
  3 cane toads
  2 unseen horrors
  A komodo dragon (Lair:1)
  3 trolls
  A polar bear (Lair:1)
  A slime creature (D:10)
  3 wraiths (D:10)
  27 yaks
  4 basilisks
  A wyvern (D:10)
  A small abomination (Abyss:1)
  3 steam dragons
  A vampire mosquito (D:10)
  A large abomination (Abyss:1)
  4 orc warriors
  2 black bears
  11 ice beasts (D:9)
  4 centaurs
  A phantom (D:5)
  A kobold brigand (D:8)
  6 bullfrogs
  A gnoll sergeant (D:5)
  Blork the orc (D:5)
  3 scorpions
  3 wights (D:9)
  7 killer bees
  2 electric eels (D:9)
  4 howler monkeys
  3 jellies
  3 orc priests
  A hound (D:6)
  A gnoll bouda (D:7)
  4 iguanas
  3 sleepcaps
  3 orc wizards
  Robin (D:2)
  10 adders
  10 gnolls
  2 white imps
  3 worms (D:2)
  3 dart slugs
  20 orcs
  6 endoplasms
  3 giant cockroaches
  6 hobgoblins
  3 jackals (D:2)
  6 kobolds
  A quokka (D:4)
  9 ball pythons
  12 bats
  5 frilled lizards
  12 goblins
  4 rats
  A butterfly (Lair:1)
256 creatures vanquished.

Notes
Turn   | Place    | Note
-------+----------+-------------------------------------------
     0 | D:1      | qw the Gargoyle Fighter began the quest for the Orb.
     0 | D:1      | Reached XP level 1. HP: 14/14 MP: 1/1
     0 | D:1      | 0 ||| qw: Version: 0.3-a-24-ga2abf7b
     0 | D:1      | 0 ||| qw: Game counter: 6769
     0 | D:1      | 0 ||| qw: Melee chars always use a shield: true
     0 | D:1      | 0 ||| qw: God list: Okawaru
     0 | D:1      | 0 ||| qw: Allow faded altars: false
     0 | D:1      | 0 ||| qw: Do Orc after clearing Dungeon:15 true
     0 | D:1      | 0 ||| qw: Do second Lair branch before Depths: true
     0 | D:1      | 0 ||| qw: Lair rune preference: random
     0 | D:1      | 0 ||| qw: Goals: Normal, Zot:1-4, Slime:5, God:TSO, Crypt,
                  | Tomb, Abyss, Pan, Hells, Win
     0 | D:1      | 0 ||| PLANNING D:1-11
    42 | D:1      | 42 ||| DROPPING +0 club.
    64 | D:1      | Reached skill level 2 in Axes
   131 | D:1      | Reached XP level 2. HP: 19/19 MP: 2/2
   178 | D:1      | 178 ||| Stepping ~*~*~tactically~*~*~ (hiding).
   200 | D:1      | 200 ||| Stepping ~*~*~tactically~*~*~ (stealth).
   425 | D:1      | Reached skill level 3 in Axes
   501 | D:1      | Reached XP level 3. HP: 23/23 MP: 3/3
   698 | D:1      | 698 ||| READING scroll labelled VINARO RUSING.
   714 | D:1      | 714 ||| READING 2 scrolls labelled DOWYBITEHA.
   715 | D:1      | 715 ||| READING scroll labelled SIVIUG SIU.
   716 | D:1      | 716 ||| READING scroll labelled QYANET HAGUORGH.
   761 | D:2      | 761 ||| Stepping ~*~*~tactically~*~*~ (stealth).
   763 | D:2      | 763 ||| Stepping ~*~*~tactically~*~*~ (hiding).
   775 | D:2      | Noticed Robin
   778 | D:2      | 778 ||| Stepping ~*~*~tactically~*~*~ (hiding).
   790 | D:2      | Killed Robin
   797 | D:2      | 797 ||| Stepping ~*~*~tactically~*~*~ (stealth).
   841 | D:2      | 841 ||| Stepping ~*~*~tactically~*~*~ (stealth).
   903 | D:2      | 903 ||| Stepping ~*~*~tactically~*~*~ (hiding).
   904 | D:2      | 904 ||| Stepping ~*~*~tactically~*~*~ (hiding).
   913 | D:2      | Reached XP level 4. HP: 13/28 MP: 4/4
   916 | D:2      | Reached skill level 4 in Axes
  2146 | D:2      | Reached XP level 5. HP: 24/32 MP: 5/5
  2205 | D:2      | 2205 ||| Stepping ~*~*~tactically~*~*~ (stealth).
  2416 | D:2      | 2416 ||| UPGRADING to +0 helmet.
  2421 | D:2      | 2421 ||| READING scroll labelled WALISH CETO.
  2422 | D:2      | 2422 ||| READING scroll labelled MOFUCZIZIC.
  2427 | D:2      | 2427 ||| READING scroll labelled ZIOCKIAS TOIL.
  2427 | D:2      | Identified a scroll of acquirement
  2427 | D:2      | 2427 ||| ACQUIRING +0 pair of boots "Qazem" {rF+}
  2427 | D:2      | Acquired the +0 pair of boots "Qazem" {rF+}
  2429 | D:2      | 2429 ||| UPGRADING to +0 pair of boots "Qazem" {rF+}.
  2434 | D:2      | 2434 ||| DRINKING 2 yellow potions.
  2435 | D:2      | 2435 ||| DRINKING 3 red potions.
  2436 | D:2      | 2436 ||| READING 4 scrolls of identify.
  2436 | D:2      | 2436 ||| IDENTIFYING sedimented pink potion
  2437 | D:2      | 2437 ||| READING 3 scrolls of identify.
  2437 | D:2      | 2437 ||| IDENTIFYING sedimented amethyst potion
  2438 | D:2      | 2438 ||| READING 2 scrolls of identify.
  2438 | D:2      | 2438 ||| IDENTIFYING dark potion
  2439 | D:2      | 2439 ||| DRINKING potion of experience.
  2439 | D:2      | Reached skill level 12 in Axes
  2439 | D:2      | Reached XP level 6. HP: 37/37 MP: 6/6
  2440 | D:2      | 2440 ||| DROPPING 2 potions of brilliance.
  2575 | D:3      | Found a transporter.
  2656 | D:3      | Found a hide-covered altar of Uskayaw.
  2771 | D:3      | 2771 ||| Stepping ~*~*~tactically~*~*~ (hiding).
  2914 | D:3      | Found a transporter.
  2955 | D:3      | Noticed a small abomination
  2956 | D:3      | Noticed a toenail golem
  3178 | D:3      | 3178 ||| READING scroll of acquirement.
  3178 | D:3      | 3178 ||| ACQUIRING +5 war axe of venom
  3178 | D:3      | Acquired a +5 war axe of venom
  3180 | D:3      | 3180 ||| SWAPPING to +5 war axe of venom.
  3181 | D:3      | 3181 ||| DROPPING +0 war axe.
  3320 | D:3      | 3320 ||| READING 2 scrolls of identify.
  3320 | D:3      | 3320 ||| IDENTIFYING bubbling silvery potion
  3416 | D:4      | 3416 ||| DROPPING +0 whip.
  3712 | D:4      | Found Eqeh's Antique Armour Shoppe.
  3718 | D:4      | Reached skill level 1 in Dodging
  3726 | D:4      | 3726 ||| SHOPLISTING +4 skin of Zhor {*Englaciate rC+++
                  | SInv} (997 gold, have 250).
  3726 | D:4      | 3726 ||| BUYING cloak (67 gold).
  3726 | D:4      | Bought a cloak for 67 gold pieces
  3726 | D:4      | 3726 ||| BUYING pair of gloves (67 gold).
  3726 | D:4      | Bought a pair of gloves for 67 gold pieces
  3726 | D:4      | 3726 ||| BUYING runed buckler (112 gold).
  3726 | D:4      | Bought a runed buckler for 112 gold pieces
  3726 | D:4      | 3726 ||| SHOPLISTING runed ring mail (105 gold, have 4).
  3726 | D:4      | 3726 ||| SHOPLISTING translucent leather armour (105 gold,
                  | have 4).
  3876 | D:4      | 3876 ||| UPGRADING to +0 cloak.
  3881 | D:4      | 3881 ||| UPGRADING to +0 pair of gloves.
  3886 | D:4      | 3886 ||| UPGRADING to +1 buckler of poison resistance.
  3896 | D:4      | 3896 ||| DROPPING +0 buckler.
  3914 | D:5      | Entered Level 5 of the Dungeon
  3918 | D:5      | Reached XP level 7. HP: 43/43 MP: 7/7
  3918 | D:5      | Found a runed translucent gate.
  3919 | D:5      | Found a runed translucent gate.
  3919 | D:5      | Found a runed translucent gate.
  3921 | D:5      | Noticed qw's ghost (novice DEHu)
  3957 | D:5      | 3957 ||| Stepping ~*~*~tactically~*~*~ (stealth).
  3959 | D:5      | 3959 ||| Stepping ~*~*~tactically~*~*~ (stealth).
  3961 | D:5      | 3961 ||| Stepping ~*~*~tactically~*~*~ (stealth).
  4080 | D:5      | Noticed Pikel
  4080 | D:5      | 4080 ||| Stepping ~*~*~tactically~*~*~ (stealth).
  4083 | D:5      | 4083 ||| Stepping ~*~*~tactically~*~*~ (stealth).
  4095 | D:5      | Killed Pikel
  4096 | D:5      | Reached skill level 6 in Fighting
  4096 | D:5      | Reached XP level 8. HP: 49/52 MP: 8/8
  4303 | D:5      | Noticed Blork the orc
  4304 | D:5      | 4304 ||| Stepping ~*~*~tactically~*~*~ (stealth).
  4308 | D:5      | 4308 ||| Stepping ~*~*~tactically~*~*~ (hiding).
  4317 | D:5      | Killed Blork the orc
  4318 | D:5      | Reached skill level 1 in Throwing
  4524 | D:5      | Found a staircase to the Ecumenical Temple.
  4525 | D:5      | 4525 ||| PLANNING TEMPLE
  4525 | D:5      | 4525 ||| READING scroll labelled SUHAQY RYXTUETIPO.
  4533 | Temple   | Entered the Ecumenical Temple
  4534 | Temple   | 4534 ||| PLANNING OKAWARU WORSHIP
  4716 | Temple   | Became a worshipper of Warmaster Okawaru
  4717 | Temple   | 4717 ||| PLANNING D:1-11
  4924 | D:5      | 4924 ||| UPGRADING to +5 ring of evasion.
  5465 | D:6      | 5465 ||| READING scroll labelled HEJUSIUJO.
  5466 | D:6      | 5466 ||| READING scroll labelled QAMAEF YCLUU.
  5467 | D:6      | 5467 ||| READING scroll labelled MOIJYL KUNI.
  5503 | D:6      | 5503 ||| READING 2 scrolls of identify.
  5503 | D:6      | 5503 ||| IDENTIFYING sedimented yellow potion
  5827 | D:6      | 5827 ||| UPGRADING to scarf of repulsion.
  5837 | D:6      | 5837 ||| UPGRADING to ring of protection from fire.
  5875 | D:7      | 5875 ||| Stepping ~*~*~tactically~*~*~ (hiding).
  5876 | D:7      | 5876 ||| Stepping ~*~*~tactically~*~*~ (hiding).
  5879 | D:7      | 5879 ||| Stepping ~*~*~tactically~*~*~ (stealth).
  5883 | D:7      | Reached XP level 9. HP: 56/56 MP: 9/9
  6216 | D:7      | 6216 ||| Stepping ~*~*~tactically~*~*~ (stealth).
  6261 | D:7      | 6261 ||| Stepping ~*~*~tactically~*~*~ (hiding).
  6487 | D:7      | 6487 ||| READING scroll of enchant weapon.
  6487 | D:7      | 6487 ||| ENCHANTING +6 war axe of venom.
  6520 | D:7      | 6520 ||| READING scroll of enchant weapon.
  6520 | D:7      | 6520 ||| ENCHANTING +7 war axe of venom.
  6538 | D:7      | Reached * piety under Okawaru
  6699 | D:7      | Found a shimmering blue altar of Sif Muna.
  6738 | D:7      | 6738 ||| Stepping ~*~*~tactically~*~*~ (hiding).
  6947 | D:7      | 6947 ||| UPGRADING to +0 chain mail.
  6957 | D:7      | 6957 ||| DROPPING +0 scale mail.
  6958 | D:7      | 6958 ||| DRINKING 2 white potions.
  6958 | D:7      | Gained mutation: You are weak. (Str -2) [potion of
                  | mutation]
  6958 | D:7      | Gained mutation: You occasionally lose the ability to read
                  | scrolls when taking damage. [potion of mutation]
  6958 | D:7      | Gained mutation: You are very weak. (Str -4) [potion of
                  | mutation]
  6959 | D:7      | 6959 ||| DRINKING potion of mutation.
  6959 | D:7      | Lost mutation: You occasionally lose the ability to read
                  | scrolls when taking damage. [potion of mutation]
  6959 | D:7      | Lost mutation: You are very weak. (Str -4) [potion of
                  | mutation]
  6959 | D:7      | Gained mutation: You occasionally lose the ability to drink
                  | potions when taking damage. [potion of mutation]
  6959 | D:7      | Gained mutation: You are frail. (-10% HP) [potion of
                  | mutation]
  6981 | D:8      | 6981 ||| INVOKING Heroism.
  6988 | D:8      | 6988 ||| DRINKING 5 potions of curing.
  6988 | D:8      | 6988 ||| (to cure confusion)
  7011 | D:8      | Found Yqyl's General Store.
  7013 | D:8      | 7013 ||| INVOKING Heroism.
  7037 | D:8      | 7037 ||| READING scroll of enchant armour.
  7037 | D:8      | 7037 ||| ENCHANTING +0 pair of gloves.
  7039 | D:8      | 7039 ||| BUYING 3 scrolls of identify (90 gold).
  7039 | D:8      | Bought 3 scrolls of identify for 90 gold pieces
  7039 | D:8      | 7039 ||| SHOPLISTING potion of heal wounds (75 gold, have
                  | 28).
  7039 | D:8      | 7039 ||| SHOPLISTING scroll of identify (30 gold, have 28).
  7119 | D:8      | 7119 ||| Stepping ~*~*~tactically~*~*~ (hiding).
  7140 | D:8      | Reached skill level 1 in Invocations
  7255 | D:8      | 7255 ||| DROPPING +3 mace.
  7340 | D:8      | 7340 ||| Stepping ~*~*~tactically~*~*~ (stealth).
  7348 | D:8      | 7348 ||| Stepping ~*~*~tactically~*~*~ (stealth).
  7414 | D:8      | 7414 ||| Stepping ~*~*~tactically~*~*~ (stealth).
  7423 | D:8      | Found an opulent altar of Gozag.
  7467 | D:8      | 7467 ||| INVOKING Heroism.
  7566 | D:8      | 7566 ||| READING scroll of enchant armour.
  7566 | D:8      | 7566 ||| ENCHANTING +1 pair of gloves.
  7733 | D:8      | 7733 ||| UPGRADING to +0 plate armour.
  7743 | D:8      | 7743 ||| DROPPING +0 chain mail.
  7744 | D:8      | 7744 ||| DRINKING 3 glowing white potions.
  7745 | D:8      | 7745 ||| DRINKING 2 inky potions.
  7746 | D:8      | 7746 ||| READING 4 scrolls of identify.
  7746 | D:8      | 7746 ||| IDENTIFYING metallic puce potion
  7769 | D:9      | 7769 ||| STAIRDANCE
  7779 | D:9      | 7779 ||| INVOKING Heroism.
  7786 | D:9      | Reached skill level 3 in Invocations
  7792 | D:9      | Reached XP level 10. HP: 57/57 MP: 10/12
  7824 | D:9      | Found Jaezank's Assorted Antiques.
  7835 | D:9      | Identified the +0 leather armour of Distant Shores {Slay+3}
  7836 | D:9      | 7836 ||| Stepping ~*~*~tactically~*~*~ (stealth).
  7837 | D:9      | 7837 ||| Stepping ~*~*~tactically~*~*~ (hiding).
  7838 | D:9      | 7838 ||| Stepping ~*~*~tactically~*~*~ (hiding).
  7839 | D:9      | 7839 ||| Stepping ~*~*~tactically~*~*~ (hiding).
  7840 | D:9      | 7840 ||| INVOKING Heroism.
  7847 | D:9      | Reached skill level 6 in Armour
  7865 | D:9      | 7865 ||| SHOPLISTING 3 scrolls of enchant weapon (585 gold,
                  | have 158).
  7865 | D:9      | 7865 ||| BUYING glowing brown potion (23 gold).
  7865 | D:9      | Bought a glowing brown potion for 23 gold pieces
  7865 | D:9      | 7865 ||| SHOPLISTING potion of haste (260 gold, have 135).
  7865 | D:9      | 7865 ||| BUYING potion of lignification (78 gold).
  7865 | D:9      | Bought a potion of lignification for 78 gold pieces
  7865 | D:9      | 7865 ||| BUYING scroll labelled JORROU IRCHAMMA (26 gold).
  7865 | D:9      | Bought a scroll labelled JORROU IRCHAMMA for 26 gold pieces
  7927 | D:9      | 7927 ||| INVOKING Heroism.
  8029 | D:9      | 8029 ||| DROPPING +0 flail.
  8056 | D:9      | 8056 ||| INVOKING Heroism.
  8068 | D:9      | Reached ** piety under Okawaru
  8201 | D:9      | 8201 ||| Stepping ~*~*~tactically~*~*~ (water).
  8240 | D:9      | 8240 ||| INVOKING Heroism.
  8241 | D:9      | 8241 ||| Stepping ~*~*~tactically~*~*~ (water).
  8300 | D:9      | 8300 ||| READING scroll labelled JORROU IRCHAMMA.
  8301 | D:9      | 8301 ||| READING scroll labelled DADIENU FIETYT.
  8302 | D:9      | 8302 ||| READING 4 scrolls of identify.
  8302 | D:9      | 8302 ||| IDENTIFYING glowing brown potion
  8303 | D:9      | 8303 ||| READING 3 scrolls of identify.
  8303 | D:9      | 8303 ||| IDENTIFYING glowing emerald potion
  8304 | D:9      | 8304 ||| DROPPING potion of degeneration.
  8305 | D:9      | 8305 ||| DROPPING potion of berserk rage.
  8321 | D:10     | Entered Level 10 of the Dungeon
  8335 | D:10     | 8335 ||| INVOKING Heroism.
  8340 | D:10     | Noticed a cyclops
  8345 | D:10     | 8345 ||| Stepping ~*~*~tactically~*~*~ (hiding).
  8353 | D:10     | 8353 ||| INVOKING Heroism.
  8353 | D:10     | Killed a cyclops
  8386 | D:10     | Identified the +5 quarterstaff of Symmetry {flame, rF+
                  | rC+++ Int-5 Dex-5}
  8476 | D:10     | Found a hazy altar of Hepliaklqana.
  8479 | D:10     | Found a blossoming altar of Fedhas.
  8482 | D:10     | Found a broken altar of Ashenzari.
  8489 | D:10     | Reached skill level 9 in Fighting
  8491 | D:10     | Found an ornate altar of the Wu Jian Council.
  8658 | D:10     | Found a large runed translucent door.
  8658 | D:10     | Found a large runed translucent door.
  8733 | D:10     | Found a staircase to the Orcish Mines.
  8739 | D:10     | Found a large runed translucent door.
  8739 | D:10     | Found a large runed translucent door.
  8763 | D:10     | Noticed Maurice
  8772 | D:10     | Killed Maurice
  8773 | D:10     | Reached XP level 11. HP: 63/63 MP: 14/14
  8977 | D:10     | Reached skill level 9 in Armour
  9077 | D:10     | Noticed a two-headed ogre
  9078 | D:10     | 9078 ||| INVOKING Heroism.
  9086 | D:10     | Killed a two-headed ogre
  9086 | D:10     | Reached *** piety under Okawaru
  9087 | D:10     | Reached skill level 6 in Shields
  9099 | D:10     | Noticed a boulder beetle
  9106 | D:10     | 9106 ||| INVOKING Heroism.
  9117 | D:10     | Killed a boulder beetle
  9165 | D:10     | Identified the +7 dagger of the Threshing Gods {venom,
                  | rElec rPois Dex-3}
  9201 | D:10     | 9201 ||| INVOKING Heroism.
  9216 | D:10     | 9216 ||| Stepping ~*~*~tactically~*~*~ (stealth).
  9228 | D:10     | 9228 ||| Stepping ~*~*~tactically~*~*~ (stealth).
  9248 | D:10     | Noticed a cyclops
  9249 | D:10     | 9249 ||| Stepping ~*~*~tactically~*~*~ (stealth).
  9284 | D:10     | 9284 ||| Stepping ~*~*~tactically~*~*~ (stealth).
  9304 | D:10     | 9304 ||| Stepping ~*~*~tactically~*~*~ (hiding).
  9305 | D:10     | 9305 ||| Stepping ~*~*~tactically~*~*~ (hiding).
  9309 | D:10     | 9309 ||| INVOKING Heroism.
  9314 | D:10     | Killed a cyclops
  9530 | D:10     | Noticed a sea snake
  9664 | D:10     | Noticed a moth of wrath
  9746 | D:10     | Noticed a cyclops
  9872 | D:10     | Noticed a shock serpent
  9901 | D:11     | 9901 ||| Stepping randomly (disturbance).
  9916 | D:11     | 9916 ||| READING 2 scrolls of enchant weapon.
  9916 | D:11     | 9916 ||| ENCHANTING +8 war axe of venom.
 10015 | D:11     | 10015 ||| Stepping ~*~*~tactically~*~*~ (stealth).
 10017 | D:11     | 10017 ||| Stepping ~*~*~tactically~*~*~ (stealth).
 10019 | D:11     | 10019 ||| Stepping ~*~*~tactically~*~*~ (stealth).
 10031 | D:11     | Reached **** piety under Okawaru
 10149 | D:11     | Noticed Harold
 10150 | D:11     | 10150 ||| INVOKING Heroism.
 10164 | D:11     | Killed Harold
 10173 | D:11     | 10173 ||| FLEEEEING.
 10174 | D:11     | 10174 ||| FLEEEEING.
 10175 | D:11     | 10175 ||| FLEEEEING.
 10177 | D:11     | 10177 ||| FLEEEEING.
 10178 | D:11     | 10178 ||| FLEEEEING.
 10179 | D:11     | 10179 ||| FLEEEEING.
 10180 | D:11     | 10180 ||| FLEEEEING.
 10181 | D:11     | 10181 ||| FLEEEEING.
 10182 | D:11     | 10182 ||| FLEEEEING.
 10183 | D:11     | 10183 ||| FLEEEEING.
 10184 | D:11     | 10184 ||| FLEEEEING.
 10185 | D:11     | 10185 ||| FLEEEEING.
 10186 | D:11     | 10186 ||| FLEEEEING.
 10187 | D:11     | 10187 ||| FLEEEEING.
 10188 | D:11     | 10188 ||| FLEEEEING.
 10189 | D:11     | 10189 ||| FLEEEEING.
 10190 | D:11     | 10190 ||| FLEEEEING.
 10191 | D:11     | 10191 ||| FLEEEEING.
 10192 | D:11     | 10192 ||| FLEEEEING.
 10193 | D:11     | 10193 ||| FLEEEEING.
 10194 | D:11     | 10194 ||| STAIRDANCE
 10318 | D:10     | Noticed a skyshark
 10320 | D:10     | 10320 ||| DROPPING amulet of magic regeneration.
 10377 | D:11     | Noticed a boulder beetle
 10378 | D:11     | 10378 ||| INVOKING Heroism.
 10386 | D:11     | Killed a boulder beetle
 10396 | D:11     | Noticed an oklob plant
 10397 | D:11     | Noticed an oklob plant
 10398 | D:11     | Found a staircase to the Lair.
 10400 | D:11     | Noticed an oklob plant
 10410 | D:11     | 10410 ||| READING 6 scrolls of teleportation.
 10414 | D:11     | Killed an oklob plant
 10543 | D:11     | 10543 ||| FLEEEEING.
 10544 | D:11     | 10544 ||| FLEEEEING.
 10682 | D:11     | 10682 ||| INVOKING Heroism.
 10726 | D:11     | 10726 ||| INVOKING Heroism.
 10735 | D:11     | Killed an oklob plant
 10736 | D:11     | Reached XP level 12. HP: 36/69 MP: 13/16
 10745 | D:11     | 10745 ||| READING 5 scrolls of teleportation.
 10753 | D:11     | 10753 ||| FLEEEEING.
 10755 | D:11     | 10755 ||| STAIRDANCE
 10920 | D:10     | Noticed an ettin
 10934 | D:11     | 10934 ||| STAIRDANCE
 10943 | D:10     | Reached skill level 13 in Axes
 10978 | D:10     | Noticed a quicksilver ooze
 11026 | D:11     | 11026 ||| Stepping ~*~*~tactically~*~*~ (stealth).
 11028 | D:11     | 11028 ||| Stepping ~*~*~tactically~*~*~ (stealth).
 11238 | D:11     | 11238 ||| INVOKING Heroism.
 11294 | D:11     | 11294 ||| PLANNING LAIR
 11308 | Lair:1   | Entered Level 1 of the Lair of Beasts
 11399 | Lair:1   | Reached skill level 6 in Invocations
 11418 | Lair:1   | Noticed a death yak
 11418 | Lair:1   | Noticed a death yak
 11419 | Lair:1   | 11419 ||| INVOKING Heroism.
 11422 | Lair:1   | Noticed a death yak
 11427 | Lair:1   | Killed a death yak
 11431 | Lair:1   | Killed a death yak
 11441 | Lair:1   | Killed a death yak
 11441 | Lair:1   | Received a gift from Okawaru
 11598 | Lair:1   | 11598 ||| Stepping ~*~*~tactically~*~*~ (stealth).
 11630 | Lair:1   | 11630 ||| INVOKING Heroism.
 11644 | Lair:1   | 11644 ||| Stepping ~*~*~tactically~*~*~ (stealth).
 11695 | Lair:1   | 11695 ||| INVOKING Heroism.
 12178 | Lair:2   | 12178 ||| Stepping ~*~*~tactically~*~*~ (hiding).
 12187 | Lair:2   | 12187 ||| FLEEEEING.
 12188 | Lair:2   | 12188 ||| Stepping ~*~*~tactically~*~*~ (hiding).
 12200 | Lair:2   | 12200 ||| INVOKING Heroism.
 12206 | Lair:2   | Reached ***** piety under Okawaru
 12246 | Lair:2   | Found a staircase to the Shoals.
 12263 | Lair:2   | 12263 ||| READING scroll of enchant armour.
 12263 | Lair:2   | 12263 ||| ENCHANTING +0 helmet.
 12268 | Lair:2   | Noticed Sonja
 12269 | Lair:2   | 12269 ||| INVOKING Finesse.
 12293 | Abyss:1  | Cast into level 1 of the Abyss (Sonja)
 12387 | Abyss:1  | 12387 ||| Stepping ~*~*~tactically~*~*~ (stealth).
 12399 | Abyss:1  | Received a gift from Okawaru
 12461 | Abyss:1  | Noticed a wretched star
 12462 | Abyss:1  | 12462 ||| Stepping ~*~*~tactically~*~*~ (hiding).
 12467 | Abyss:1  | 12467 ||| Stepping ~*~*~tactically~*~*~ (hiding).
 12480 | Abyss:1  | Killed a wretched star
 12481 | Abyss:1  | Reached skill level 9 in Invocations
 12492 | Abyss:1  | 12492 ||| Stepping ~*~*~tactically~*~*~ (hiding).
 12493 | Abyss:1  | 12493 ||| Stepping ~*~*~tactically~*~*~ (hiding).
 12520 | Abyss:1  | Noticed a bone dragon
 12521 | Abyss:1  | 12521 ||| Stepping ~*~*~tactically~*~*~ (stealth).
 12523 | Abyss:1  | 12523 ||| Stepping ~*~*~tactically~*~*~ (stealth).
 12525 | Abyss:1  | 12525 ||| Stepping ~*~*~tactically~*~*~ (stealth).
 12527 | Abyss:1  | 12527 ||| Stepping ~*~*~tactically~*~*~ (stealth).
 12529 | Abyss:1  | 12529 ||| Stepping ~*~*~tactically~*~*~ (stealth).
 12552 | Abyss:1  | 12552 ||| INVOKING Heroism.
 12561 | Abyss:1  | HP: 7/69 [bone dragon (13)]
 12562 | Abyss:1  | 12562 ||| READING 4 scrolls of teleportation.
 12562 | Abyss:1  | Slain by a bone dragon

Levels and vault maps discovered:
D:1:      zelgadis_glass_arrival_small, layout_rooms, hangedman_feature_mirror
D:2:      layout_basic, minivault_25, st_stairs_7, minmay_hedge_maze,
          minmay_misc_feat_more_columns, uniq_robin
D:3:      layout_basic, mainiacjoe_overflow_brackets,
          gammafunk_ghost_abyssal_escape
D:4:      wander_river, layout_rooms, serial_shops, shop, serial_forest,
          infiniplex_forest_clump_diagonal, infiniplex_forest_join,
          infiniplex_forest_lined_1, infiniplex_forest_clump_medium,
          infiniplex_forest_end_1, infiniplex_forest_clump_medium,
          infiniplex_forest_zigzag_1
D:5:      layout_loops_cross, minmay_temple_entry_overgrown,
          gammafunk_ghost_split, uniq_blork_the_orc, uniq_pikel
D:6:      layout_basic, minmay_puff
D:7:      layout_layer_cave, kennysheep_mini
D:8:      layout_loops_ring, nicolae_gozag_cash_rules_everything_around_me,
          serial_shops, shop, minmay_misc_feat_pillars,
          kennysheep_decorative_pillar
D:9:      minmay_twisted_water, layout_rooms, serial_shops, shop
D:10:     layout_stronghold, grunt_temple_overflow_cloverleaf, orc_0_dummy,
          minmay_hollow_rounded_squares, uniq_maurice
D:11:     layout_small_grid, dpeg_oklobed_lair, uniq_harold
Temple:   nicolae_temple_bog_church
Lair:1:   layout_chaotic_city, grunt_megastairs_4, infiniplex_staircase_pool,
          lemuel_fruit_fields
Lair:2:   layout_cave_shapes, nicolae_shoals_entry_roost,
          nicolae_snake_entry_squirm, columned_hall_lemuel, minivault_23,
          grunt_megastairs_3, uniq_sonja
Abyss:1:  base:
D:9

Skill      XL: |  1  2  3  4  5  6  7  8  9 10 11 12 |
---------------+-------------------------------------+-----
Axes           | 2 3 4 12 13 | 13.5
Fighting       | 4 6 7 9 10 | 10.0
Dodging        | 1 2 |  2.6
Throwing       | 1 2 |  2.9
Armour         | 4 5 8 9 10 | 10.0
Shields        | 4 5 6 |  6.1
Invocations    | 3 4 5 9 |  9.2

Action                     |  1- 3 |  4- 6 |  7- 9 | 10-12 || total
---------------------------+-------+-------+-------+-------++-------
  Melee: War axe           |   120 |   223 |   162 |   378 ||   883
  Throw: Boomerang         |       |    53 |    52 |    97 ||   202
         Javelin           |       |       |       |     6 ||     6
 Invoke: Heroism           |       |       |     4 |    20 ||    24
         Finesse           |       |       |       |     1 ||     1
    Use: Scroll            |     4 |     8 |    10 |     9 ||    31
         Potion            |       |     3 |     5 |       ||     8
   Stab: Distracted        |       |       |       |     2 ||     2
 Armour: Scale mail        |    67 |    75 |    32 |       ||   174
         Chain mail        |       |       |     9 |       ||     9
         Plate armour      |       |       |     7 |   156 ||   163
  Dodge: Dodged            |    57 |    37 |    75 |   124 ||   293
         Repelled          |       |       |     1 |    11 ||    12
  Block: Buckler           |    20 |    15 |    23 |    82 ||   140

Table legend:
 A = Non-vault XP
 B = Vault XP
 C = Vault XP percentage of total XP
 D = Non-vault monster count
 E = Vault monster count
 F = Vault count percentage of total count
                 A         B        C        D         E       F
            +---------+---------+-------+---------+---------+-------
      Total |   17642 |   13118 |  42.6 |     195 |      60 |  23.5
            +---------+---------+-------+---------+---------+-------
        D:1 |      38 |       4 |   9.5 |      23 |       2 |   8.0
        D:2 |     109 |      36 |  24.8 |      23 |      12 |  34.3
        D:3 |     118 |       0 |   0.0 |      16 |       0 |   0.0
        D:4 |     137 |       0 |   0.0 |      13 |       0 |   0.0
        D:5 |     410 |     720 |  63.7 |      11 |       2 |  15.4
        D:6 |     348 |     255 |  42.3 |       8 |       4 |  33.3
        D:7 |     770 |       0 |   0.0 |      13 |       0 |   0.0
        D:8 |    1106 |       0 |   0.0 |      25 |       0 |   0.0
        D:9 |    1565 |    1408 |  47.4 |      15 |      11 |  42.3
       D:10 |    2944 |    4074 |  58.1 |      12 |      12 |  50.0
       D:11 |    2808 |    2565 |  47.7 |      15 |       4 |  21.1
     Lair:1 |    5091 |    1140 |  18.3 |      15 |       4 |  21.1
     Lair:2 |     374 |    2916 |  88.6 |       2 |       9 |  81.8
    Abyss:1 |    1824 |       0 |   0.0 |       4 |       0 |   0.0
            +---------+---------+-------+---------+---------+-------
